cohdb
Replays
Latest Replays
All Replays
Popular Replays
Top Player Replays
Match Explorer
How It Works
Community
CoH3 Stats
Reddit
Sign in to upload your games and track your stats! →
Sign in with Steam
Match 42318190
Unlisted
Match 42318190
Overview
Messages
Build Orders
End
Panzerpioneer Squad
250 Light Carrier
Selects Armored Support Battlegroup
Panzerpioneer Squad
Panzerpioneer Squad
Construct Light Support Kompanie
Fire Support Elements
Veteran Squad Leaders
MG34 Team
Selects Salvage Kits
Selects Superior Fire Drills
le.IG 18 Mechanized Group
Combat Half-tracks
Flakvierling Half-track
Pak 38 Anti-tank Gun Team
Selects Flammpanzer III Medium Tank
Flammpanzer III Medium Tank
Vehicle Survival Package
Construct Panzerarmee Kommand
Panzerpioneer Squad
Emergency Repair Kits
Rapid Advance
Panzerpioneer Squad
Selects Command Panzer IV F Medium Tank
Command Panzer IV F Medium Tank
UseLessHam
Hirai Yuzuru
DaMayzr
MonoChrome
0
0
Comments
sign in to comment!
No comments posted yet!